 Dungeon Crawl Stone Soup version 0.21.1-1-g345015f (webtiles) character file.

408 tidbits the Grave Robber (level 6, 44/44 HPs)
             Began as a Gnoll Necromancer on June 15, 2018.
             Quit the game on level 7 of the Dungeon.
             The game lasted 00:08:46 (833 turns).

tidbits the Grave Robber (Gnoll Necromancer)         Turns: 833, Time: 00:08:47

Health: 44/44      AC:  4    Str: 13    XL:     6   Next: 88%
Magic:  9/14       EV: 15    Int: 19    God:
Gold:   56         SH:  0    Dex: 15    Spells: 2/15 levels left

rFire    . . .     SeeInvis .   b - +4 flail (protect)
rCold    . . .     Gourm    .   (no shield)
rNeg     . . .     Faith    .   f - +0 robe
rPois    .         Spirit   .   (no helmet)
rElec    .         Reflect  .   (no cloak)
rCorr    .         Harm     .   j - +1 pair of gloves
MR       .....                  (no boots)
Stlth    +++.......             (no amulet)
HPRegen  0.14/turn              p - +2 ring of strength
MPRegen  0.14/turn              (no ring)

@: no status effects
A: distributed training, fangs 1, strong nose
a: no special abilities


You were on level 7 of the Dungeon.
You were not hungry.

You visited 1 branch of the dungeon, and saw 7 of its levels.

You collected 56 gold pieces.

Inventory:

Hand Weapons
 a - a +0 dagger
 b - a +4 flail of protection (weapon)
   (You took it off Edmund on level 4 of the Dungeon)
 m - a +0 club
Missiles
 h - 23 arrows
Armour
 f - a +0 robe (worn)
 j - a +1 pair of gloves (worn)
 v - a +0 shield
Jewellery
 p - a +2 ring of strength (left hand)
   (You found it on level 3 of the Dungeon)
Scrolls
 d - a scroll of noise
 e - a scroll of enchant armour
 g - 4 scrolls of remove curse
 i - 3 scrolls of teleportation
 k - a scroll of random uselessness {unknown}
 n - a scroll of identify {unknown}
 o - 2 scrolls of enchant weapon
 q - a scroll of amnesia {unknown}
 r - a scroll of fog {unknown}
Potions
 s - 2 potions of haste {unknown}
 t - a potion of heal wounds {unknown}
 u - a potion of resistance {unknown}
Books
 l - a book of Necromancy

   Spells                             Type                      Level
   a - Pain                           Necromancy                   1
   b - Animate Skeleton               Necromancy                   1
   c - Vampiric Draining              Necromancy                   3
   d - Regeneration                   Charms/Necromancy            3
   e - Animate Dead                   Necromancy                   4
   f - Borgnjor's Vile Clutch         Necromancy/Earth             5
Comestibles
 c - 4 rations


   Skills:
 + Level 2.1 Fighting
 + Level 2.1 Short Blades
 + Level 2.1 Long Blades
 + Level 2.1 Axes
 + Level 2.1 Maces & Flails
 + Level 2.1 Polearms
 + Level 2.1 Staves
 + Level 2.1 Slings
 + Level 2.1 Bows
 + Level 2.1 Crossbows
 + Level 2.1 Throwing
 + Level 2.1 Armour
 + Level 5.0 Dodging
 + Level 4.7 Stealth
 + Level 2.1 Shields
 + Level 2.1 Unarmed Combat
 + Level 5.4 Spellcasting
 + Level 1.6 Conjurations
 + Level 1.6 Hexes
 + Level 1.6 Charms
 + Level 1.6 Summonings
 + Level 7.3 Necromancy
 + Level 1.6 Translocations
 + Level 1.6 Transmutations
 + Level 1.6 Fire Magic
 + Level 1.6 Ice Magic
 + Level 1.6 Air Magic
 + Level 1.6 Earth Magic
 + Level 1.6 Poison Magic
 + Level 2.3 Invocations
 + Level 2.1 Evocations


You had 2 spell levels left.
You knew the following spells:

 Your Spells              Type           Power        Failure   Level  Hunger
a - Pain                  Necr           ####         1%          1    None
d - Vampiric Draining     Necr           ####......   1%          3    ##.....
n - Animate Skeleton      Necr           N/A          1%          1    None
r - Regeneration          Chrm/Necr      ###.......   5%          3    ##.....
v - Borgnjor's Vile Clut  Necr/Erth      ###.......   45%         5    #####..


Dungeon Overview and Level Annotations

Branches:
Dungeon (7/15)
 Temple: D:4-7

Altars:
Dithmenos
Gozag
Makhleb
Nemelex Xobeh
Uskayaw
Wu Jian

Annotations:
D:4 Dowan, Ijyb


Innate Abilities, Weirdness & Mutations

Your experience applies equally to all skills.
You have very sharp teeth.
Your uncanny sense of smell can sniff out nearby items.


Message History

Confirm with . or Enter, or press ? or * to list all spells.
Aiming: Pain
Press: ? - help, Shift-Dir - straight line, f/p - orc warrior
Aim: an orc warrior, wielding a flail and wearing a plate armour (heavily wounded, chance to defeat MR: 84%)
The orc warrior writhes in agony!
An orc comes into view. It is wielding a club.
Casting: Pain
Confirm with . or Enter, or press ? or * to list all spells.
Aiming: Pain
Press: ? - help, Shift-Dir - straight line, f/p - orc warrior
Aim: an orc warrior, wielding a flail and wearing a plate armour (severely wounded, chance to defeat MR: 84%)
The orc warrior writhes in agony!
The orc shouts!
The orc warrior misses you.
Casting: Pain
Confirm with . or Enter, or press ? or * to list all spells.
Aiming: Pain
Press: ? - help, Shift-Dir - straight line, f/p - orc warrior
Aim: an orc warrior, wielding a flail and wearing a plate armour (almost dead, chance to defeat MR: 84%)
The orc warrior writhes in agony!
You kill the orc warrior!
Your Fighting skill increases to level 2!
Your Short Blades skill increases to level 2!
Your Long Blades skill increases to level 2!
Your Axes skill increases to level 2!
Your Maces & Flails skill increases to level 2!
Your Polearms skill increases to level 2!
Your Staves skill increases to level 2!
Your Slings skill increases to level 2!
Your Bows skill increases to level 2!
Your Crossbows skill increases to level 2!
Your Throwing skill increases to level 2!
Your Armour skill increases to level 2!
Your Dodging skill increases to level 5!
Your Shields skill increases to level 2!
Your Unarmed Combat skill increases to level 2!
Your Evocations skill increases to level 2!
An orc wizard comes into view. It is wielding a dagger.
Wield which item (- for none, * to show all)? (? for menu, Esc to quit)
Your +4 flail of protection hums with potential!
b - a +4 flail of protection (weapon)
Things that are here:
a flail; a plate armour; an orc corpse You closely miss the orc.
The orc hits you but does no damage.
The orc wizard shouts!
You thump the orc!
Your weapon exudes an aura of protection.
You kill the orc!
The orc wizard points at you and mumbles some strange words.
The magic dart hits you!
Okay, then.
You see here a club.
The orc wizard miscasts a cantrip.
You barely miss the orc wizard. The orc wizard hits you with a dagger.
You barely miss the orc wizard. The orc wizard misses you.
You hit the orc wizard.
Your weapon exudes an aura of protection.
Your bite misses the orc wizard.
The orc wizard is lightly wounded.
The orc wizard hits you but does no damage.
The orc wizard closely misses you.
You completely miss the orc wizard.
The orc wizard is lightly wounded.
The orc wizard misses you.
Casting: Pain
Confirm with . or Enter, or press ? or * to list all spells.
Aiming: Pain
Press: ? - help, Shift-Dir - straight line, f - orc wizard
Aim: an orc wizard, wielding a dagger and wearing a robe (lightly wounded, chance to defeat MR: 84%)
The orc wizard writhes in agony!
The orc wizard hits you but does no damage.
Casting: Pain
Confirm with . or Enter, or press ? or * to list all spells.
Aiming: Pain
Press: ? - help, Shift-Dir - straight line, f/p - orc wizard
Aim: an orc wizard, wielding a dagger and wearing a robe (severely wounded, chance to defeat MR: 84%)
The orc wizard writhes in agony!
You kill the orc wizard!
Things that are here:
a dagger; a robe; an orc corpse A wight comes into view.
It is wielding a dire flail.
Saving game... please wait.
Welcome back, tidbits the Gnoll Necromancer.
Press ? for a list of commands and other information.
A jackal comes into view.
The jackal moves out of view.
A wight comes into view. It is wielding a war axe.
A wight comes into view. It is wielding a falchion.
The wight moves out of view. x2
Unknown command.
A wight comes into view. It is wielding an enchanted falchion.
Cast which spell? (? or * to list)
Your skin crawls.
Your skin is crawling a little less now.
A killer bee comes into view.
Your skin stops crawling.
Unknown command.
A bullfrog comes into view.
The bullfrog gives a loud, deep croak!
Unknown command.
Are you sure you want to abandon this character and quit the game? (Confirm with "yes".)

..........##.######.#
.......................
..............###..### .
...........##.# #..#
..##..##.....##.# #..#
...............# #..#
..##..##.....##.###..##
.......F..............#
.......@........#.#...#
...#...$..............#
#.. #..................#
....#..##.....##.####..#
##...#..##.....##...##..#
...................####..#
.........................#
...........zz.z.........#
.#
###.#.##.##.....##.####.##


You could see a bullfrog and 3 wights.

Vanquished Creatures
  Edmund (D:4)
  An orc warrior (D:7)
  A crimson imp (D:5)
  An orc wizard (D:7)
  Natasha (D:3)
  An iguana (D:6)
  2 worker ants
  An adder zombie (D:5)
  An adder skeleton (D:4)
  A worm (D:2)
  2 orcs
  A ball python (D:5)
  7 hobgoblins
  A quokka (D:3)
  5 bats
  A goblin (D:2)
  2 kobolds
  4 rats
34 creatures vanquished.

Notes
Turn   | Place    | Note
-------+----------+-------------------------------------------
     0 | D:1      | tidbits the Gnoll Necromancer began the quest for the Orb.
     0 | D:1      | Reached XP level 1. HP: 13/13 MP: 6/6
    81 | D:1      | Reached XP level 2. HP: 12/19 MP: 1/7
    84 | D:1      | Learned a level 1 spell: Animate Skeleton
   184 | D:2      | Found a shadowy altar of Dithmenos.
   350 | D:3      | Reached XP level 3. HP: 11/25 MP: 3/9
   355 | D:3      | Learned a level 3 spell: Regeneration
   360 | D:3      | Learned a level 3 spell: Vampiric Draining
   425 | D:3      | Found an opulent altar of Gozag.
   425 | D:3      | Found a burning altar of Makhleb.
   425 | D:3      | Found a hide-covered altar of Uskayaw.
   425 | D:3      | Found a sparkling altar of Nemelex Xobeh.
   425 | D:3      | Noticed Natasha
   432 | D:3      | Killed Natasha
   432 | D:3      | Reached skill level 5 in Spellcasting
   432 | D:3      | Reached skill level 1 in Invocations
   461 | D:4      | Noticed Dowan
   485 | D:4      | Reached skill level 1 in Fighting
   485 | D:4      | Reached skill level 1 in Short Blades
   485 | D:4      | Reached skill level 1 in Long Blades
   485 | D:4      | Reached skill level 1 in Axes
   485 | D:4      | Reached skill level 1 in Maces & Flails
   485 | D:4      | Reached skill level 1 in Polearms
   485 | D:4      | Reached skill level 1 in Staves
   485 | D:4      | Reached skill level 1 in Slings
   485 | D:4      | Reached skill level 1 in Bows
   485 | D:4      | Reached skill level 1 in Crossbows
   485 | D:4      | Reached skill level 1 in Throwing
   485 | D:4      | Reached skill level 1 in Armour
   485 | D:4      | Reached skill level 1 in Shields
   485 | D:4      | Reached skill level 1 in Unarmed Combat
   485 | D:4      | Reached skill level 1 in Evocations
   485 | D:4      | Reached XP level 4. HP: 29/32 MP: 6/11
   497 | D:4      | Noticed Ijyb
   530 | D:4      | Noticed Edmund
   542 | D:4      | HP: 2/32 [Edmund/flail of protection (3)]
   547 | D:4      | Killed Edmund
   547 | D:4      | Reached skill level 1 in Conjurations
   547 | D:4      | Reached skill level 1 in Hexes
   547 | D:4      | Reached skill level 1 in Charms
   547 | D:4      | Reached skill level 1 in Summonings
   547 | D:4      | Reached skill level 1 in Translocations
   547 | D:4      | Reached skill level 1 in Transmutations
   547 | D:4      | Reached skill level 1 in Fire Magic
   547 | D:4      | Reached skill level 1 in Ice Magic
   547 | D:4      | Reached skill level 1 in Air Magic
   547 | D:4      | Reached skill level 1 in Earth Magic
   547 | D:4      | Reached skill level 1 in Poison Magic
   547 | D:4      | Reached XP level 5. HP: 4/37 MP: 0/12
   621 | D:4      | You fall through a shaft!
   621 | D:5      | Entered Level 5 of the Dungeon
   661 | D:5      | Reached XP level 6. HP: 34/44 MP: 9/13
   668 | D:5      | Learned a level 5 spell: Borgnjor's Vile Clutch
   700 | D:6      | Reached skill level 2 in Invocations
   706 | D:6      | Found an ornate altar of the Wu Jian Council.
   769 | D:7      | Noticed an orc warrior
   788 | D:7      | Killed an orc warrior
   788 | D:7      | Reached skill level 2 in Fighting
   788 | D:7      | Reached skill level 2 in Short Blades
   788 | D:7      | Reached skill level 2 in Long Blades
   788 | D:7      | Reached skill level 2 in Axes
   788 | D:7      | Reached skill level 2 in Maces & Flails
   788 | D:7      | Reached skill level 2 in Polearms
   788 | D:7      | Reached skill level 2 in Staves
   788 | D:7      | Reached skill level 2 in Slings
   788 | D:7      | Reached skill level 2 in Bows
   788 | D:7      | Reached skill level 2 in Crossbows
   788 | D:7      | Reached skill level 2 in Throwing
   788 | D:7      | Reached skill level 2 in Armour
   788 | D:7      | Reached skill level 5 in Dodging
   788 | D:7      | Reached skill level 2 in Shields
   788 | D:7      | Reached skill level 2 in Unarmed Combat
   788 | D:7      | Reached skill level 2 in Evocations
   833 | D:7      | Quit the game

Skill      XL: |  1  2  3  4  5  6 |
---------------+-------------------+-----
Spellcasting   | 5 |  5.4
Invocations    | 1 2 |  2.3
Fighting       | 1 2 |  2.1
Short Blades   | 1 2 |  2.1
Long Blades    | 1 2 |  2.1
Axes           | 1 2 |  2.1
Maces & Flails | 1 2 |  2.1
Polearms       | 1 2 |  2.1
Staves         | 1 2 |  2.1
Slings         | 1 2 |  2.1
Bows           | 1 2 |  2.1
Crossbows      | 1 2 |  2.1
Throwing       | 1 2 |  2.1
Armour         | 1 2 |  2.1
Shields        | 1 2 |  2.1
Unarmed Combat | 1 2 |  2.1
Evocations     | 1 2 |  2.1
Conjurations   | 1 |  1.6
Hexes          | 1 |  1.6
Charms         | 1 |  1.6
Summonings     | 1 |  1.6
Translocations | 1 |  1.6
Transmutations | 1 |  1.6
Fire Magic     | 1 |  1.6
Ice Magic      | 1 |  1.6
Air Magic      | 1 |  1.6
Earth Magic    | 1 |  1.6
Poison Magic   | 1 |  1.6
Dodging        | 5 |  5.0
Stealth        | |  4.7
Necromancy     | |  7.3

Action                   |  1- 3 |  4- 6 || total
-------------------------+-------+-------++-------
Melee: Club              |     5 |       ||     5
       Dagger            |     2 |     9 ||    11
       Flail             |       |    14 ||    14
       Bite              |       |     1 ||     1
 Cast: Pain              |    33 |    21 ||    54
       Regeneration      |     1 |     3 ||     4
       Vampiric Draining |       |     1 ||     1
  Use: Potion            |       |     2 ||     2
       Scroll            |       |     5 ||     5
 Stab: Sleeping          |     2 |     3 ||     5
Armor: Robe              |     2 |     6 ||     8
Dodge: Dodged            |     6 |    16 ||    22

Table legend:
 A = Turns spent in this place as a percentage of turns spent in the entire game.
 B = Non-inter-level travel turns spent in this place as a percentage of non-inter-level travel turns spent in the entire game.
 C = Inter-level travel turns spent in this place as a percentage of turns spent in this place.
 D = Turns resting spent in this place as a percentage of non-inter-level travel turns spent in this place.
 E = Turns spent auto-exploring this place as a percentage of non-inter-level travel turns spent in this place.
 F = Non-inter-level travel turns spent in this place divided by the number of levels of this place that you've seen.
                   A       B       C       D       E      F
               +-------+-------+-------+-------+-------+----------------------
         Total | 100.0 | 100.0 |   2.0 |   0.0 |   0.0 | 116.6
       Dungeon | 100.0 | 100.0 |   2.0 |   0.0 |   0.0 | 116.6
               +-------+-------+-------+-------+-------+----------------------

Table legend:
 A = Kills in this place as a percentage of kills in entire the game.
 B = Kills by you in this place as a percentage of kills by you in the entire game.
 C = Kills by friends in this place as a percentage of kills by friends in the entire game.
 D = Other kills in this place as a percentage of other kills in the entire game.
 E = Experience gained in this place as a percentage of experience gained in the entire game.
 F = Experience gained in this place divided by the number of levels of this place that you have seen.
                   A       B       C       D       E      F
               +-------+-------+-------+-------+-------+----------------------
         Total | 100.0 | 100.0 |   N/A |   N/A | 100.0 |  83.3
       Dungeon | 100.0 | 100.0 |   N/A |   N/A | 100.0 |  83.3
               +-------+-------+-------+-------+-------+----------------------

Vault maps used:
D:1:      lightli_arrival_statue_moat
D:2:      overflow_temple_1_default, serial_glass, glass_columns_b,
          glass_columns_a
D:3:      chequers_temple_overflow_statue_of_worship, uniq_natasha
D:4:      minmay_goblin_kobold_castle, minmay_item_behind_shaft, trog_book,
          uniq_ijyb, uniq_edmund, uniq_duvessa
D:5:      first_ration
D:6:      basic_altar, minmay_holes, uniq_menkaure
D:7:      minmay_temple_entry_from_below_a
